| TOP OF THE 1ST |
|
Clinton LumberKings batting - Pitching for Burlington Bees : RHP Dave Jackson
|
|
Pitching: RHP Dave Jackson
|
|
|
Batting: RHB Kikuo Sato
|
0-0: Called Strike 0-1: Hit by Pitch
|
|
Batting: SHB Jose Castillo
|
0-0: Called Strike Kikuo Sato steals 2nd base 0-1: SINGLE (Line Drive, 89S, EV 88.8 MPH) Kikuo Sato to third Runner from 3rd tries for Home, throw by RF and OUT! 9-2 Jose Castillo to second
|
|
Batting: RHB Josh Ruhl
|
0-0: Swinging Strike 0-1: Ball 1-1: Called Strike 1-2: Ball 2-2: Ball 3-2: 2-RUN HOME RUN (Flyball, 78XD, EV 102.5 MPH), Distance : 400 ft
|
|
Batting: LHB Jason Hopkins
|
0-0: SOLO HOME RUN (Flyball, 89XD, EV 97.5 MPH), Distance : 386 ft
|
|
Batting: RHB Joe Stading
|
0-0: Foul Ball, location: 2F 0-1: Ball 1-1: Swinging Strike 1-2: Strikes out swinging
|
|
Batting: RHB Salvador Avina
|
0-0: Ball 1-0: Foul Ball, location: 2F 1-1: Called Strike 1-2: Ball 2-2: Ball 3-2: Foul Ball, location: 2F 3-2: Foul Ball, location: 2F 3-2: Strikes out swinging
|
| Top of the 1st over - 3 runs, 3 hits, 0 errors, 0 left on base; Clinton 3 - Burlington 0 |
| BOTTOM OF THE 1ST |
|
Burlington Bees batting - Pitching for Clinton LumberKings : RHP Jake Underhill
|
|
Pitching: RHP Jake Underhill
|
|
|
Batting: RHB Jonathan Ellis
|
0-0: Called Strike 0-1: SINGLE (Groundball, 56D, EV 100.6 MPH)
|
|
Batting: RHB Ryan Munro
|
0-0: Ball 1-0: Foul Ball, location: 2F 1-1: Swinging Strike 1-2: Strikes out looking
|
|
Batting: RHB Melvin Gomez
|
0-0: Ball 1-0: Ball 2-0: Foul Ball, location: 2F 2-1: Grounds into double play, 4-6-3 (Groundball, 4, EV 92.5 MPH)
|
| Bottom of the 1st over - 0 runs, 1 hit, 0 errors, 0 left on base; Clinton 3 - Burlington 0 |
| TOP OF THE 2ND |
|
Clinton LumberKings batting - Pitching for Burlington Bees : RHP Dave Jackson
|
|
Batting: LHB Leão Alvide
|
0-0: Ball 1-0: Called Strike 1-1: Swinging Strike 1-2: Hit by Pitch
|
|
Batting: LHB Brian Butler
|
0-0: Ball Leão Alvide steals 2nd base 1-0: Foul Ball, location: 2F 1-1: Fly out, F6 (Flyball, 5D, EV 82.5 MPH)
|
|
Batting: SHB Victor Rijos
|
0-0: Foul Ball, location: 2F 0-1: Ball 1-1: SINGLE (Groundball, 4M, EV 97.5 MPH) (infield hit) Leão Alvide to third
|
|
Batting: RHB Kikuo Sato
|
0-0: Ball 1-0: Called Strike 1-1: Called Strike 1-2: Strikes out swinging
|
|
Batting: SHB Jose Castillo
|
0-0: Called Strike 0-1: Called Strike 0-2: Strikes out swinging
|
| Top of the 2nd over - 0 runs, 1 hit, 0 errors, 2 left on base; Clinton 3 - Burlington 0 |
| BOTTOM OF THE 2ND |
|
Burlington Bees batting - Pitching for Clinton LumberKings : RHP Jake Underhill
|
|
Batting: LHB Rusty Ney
|
0-0: Ball 1-0: Called Strike 1-1: Ball 2-1: Ball 3-1: Foul Ball, location: 2F 3-2: Foul Ball, location: 2F 3-2: Strikes out swinging
|
|
Batting: LHB Jorge Zermeno
|
0-0: Ball 1-0: Swinging Strike 1-1: Ball 2-1: DOUBLE (Flyball, 8RXD, EV 104.4 MPH)
|
|
Batting: RHB Ryuji Ito
|
0-0: Ball 1-0: Called Strike 1-1: Foul Ball, location: 2F 1-2: Ball 2-2: Foul Ball, location: 2F 2-2: Foul Ball, location: 2F 2-2: Strikes out looking
|
|
Batting: RHB Greg Burdine
|
0-0: Swinging Strike 0-1: Ball 1-1: Ground out U3 (Groundball, 3L, EV 88.1 MPH)
|
| Bottom of the 2nd over - 0 runs, 1 hit, 0 errors, 1 left on base; Clinton 3 - Burlington 0 |
| TOP OF THE 3RD |
|
Clinton LumberKings batting - Pitching for Burlington Bees : RHP Dave Jackson
|
|
Batting: RHB Josh Ruhl
|
0-0: Swinging Strike 0-1: Ball 1-1: Ball 2-1: Ball 3-1: Called Strike 3-2: Base on Balls
|
|
Batting: LHB Jason Hopkins
|
0-0: Ball 1-0: Foul Ball, location: 2F 1-1: Called Strike Josh Ruhl steals 2nd base 1-2: Ball 2-2: Foul Ball, location: 2F 2-2: Ball 3-2: Ground out 4-3 (Groundball, 4, EV 90.0 MPH) Josh Ruhl to third
|
|
Batting: RHB Joe Stading
|
0-0: Called Strike 0-1: SINGLE (Groundball, 34D, EV 97.5 MPH) Josh Ruhl scores
|
|
Batting: RHB Salvador Avina
|
0-0: Called Strike 0-1: Called Strike 0-2: Ball 1-2: Fielders Choice at 2nd, 6-4 (Groundball, 6, EV 89.4 MPH)
|
|
Batting: LHB Leão Alvide
|
0-0: Called Strike 0-1: Foul Ball, location: 2F 0-2: Foul Ball, location: 2F 0-2: Ball 1-2: Strikes out swinging
|
| Top of the 3rd over - 1 run, 1 hit, 0 errors, 1 left on base; Clinton 4 - Burlington 0 |
| BOTTOM OF THE 3RD |
|
Burlington Bees batting - Pitching for Clinton LumberKings : RHP Jake Underhill
|
|
Batting: RHB Ben Herman
|
0-0: Ball 1-0: Called Strike 1-1: Called Strike 1-2: Fly out, F7 (Line Drive, 7, EV 94.4 MPH)
|
|
Batting: SHB Tim Connell
|
0-0: Called Strike 0-1: Swinging Strike 0-2: Ball 1-2: Foul Ball, location: 2F 1-2: Strikes out swinging
|
|
Batting: RHB Jonathan Ellis
|
0-0: Ground out 4-3 (Groundball, 4M, EV 86.2 MPH)
|
| Bottom of the 3rd over - 0 runs, 0 hits, 0 errors, 0 left on base; Clinton 4 - Burlington 0 |
| TOP OF THE 4TH |
|
Clinton LumberKings batting - Pitching for Burlington Bees : RHP Dave Jackson
|
|
Batting: LHB Brian Butler
|
0-0: Ball 1-0: Ball 2-0: Ball 3-0: Called Strike 3-1: Foul Ball, location: 2F 3-2: Base on Balls
|
|
Batting: SHB Victor Rijos
|
0-0: Called Strike 0-1: Ground out 5-3 (Groundball, 5L, EV 100.6 MPH) Brian Butler to second
|
|
Batting: RHB Kikuo Sato
|
0-0: Ball 1-0: Ball 2-0: Called Strike 2-1: Foul Ball, location: 2F 2-2: Ground out 3-1 (Groundball, 34, EV 83.8 MPH) Brian Butler to third
|
|
Batting: SHB Jose Castillo
|
0-0: Swinging Strike 0-1: Swinging Strike 0-2: Strikes out swinging
|
| Top of the 4th over - 0 runs, 0 hits, 0 errors, 1 left on base; Clinton 4 - Burlington 0 |
| BOTTOM OF THE 4TH |
|
Burlington Bees batting - Pitching for Clinton LumberKings : RHP Jake Underhill
|
|
Batting: RHB Ryan Munro
|
0-0: Ball 1-0: Foul Ball, location: 2F 1-1: Foul Ball, location: 2F 1-2: Foul Ball, location: 2F 1-2: Foul Ball, location: 2F 1-2: SINGLE (Groundball, 4, EV 98.1 MPH)
|
|
Batting: RHB Melvin Gomez
|
0-0: Ball 1-0: Ball 2-0: Swinging Strike 2-1: DOUBLE (Flyball, 8LXD, EV 90.0 MPH) Ryan Munro to third Runner from 3rd tries for Home, SAFE, no throw by CF
|
|
Batting: LHB Rusty Ney
|
0-0: Ball Wild Pitch! Melvin Gomez to third 1-0: Ball 2-0: DOUBLE (Line Drive, 9LM, EV 108.8 MPH) Melvin Gomez scores
|
|
Batting: LHB Jorge Zermeno
|
0-0: Ball 1-0: Swinging Strike 1-1: Called Strike 1-2: Foul Ball, location: 2F 1-2: Strikes out swinging
|
|
Batting: RHB Ryuji Ito
|
0-0: Ball 1-0: Swinging Strike 1-1: Foul Ball, location: 2F 1-2: Foul Ball, location: 2F 1-2: Foul Ball, location: 2F 1-2: Strikes out swinging
|
|
Batting: RHB Greg Burdine
|
0-0: Called Strike 0-1: Fly out, F8 (Flyball, 89D, EV 96.9 MPH)
|
| Bottom of the 4th over - 2 runs, 3 hits, 0 errors, 1 left on base; Clinton 4 - Burlington 2 |
| TOP OF THE 5TH |
|
Clinton LumberKings batting - Pitching for Burlington Bees : RHP Dave Jackson
|
|
Batting: RHB Josh Ruhl
|
0-0: Ball 1-0: Called Strike 1-1: Ball 2-1: Called Strike 2-2: SINGLE (Groundball, 34D, EV 96.9 MPH)
|
|
Batting: LHB Jason Hopkins
|
0-0: Ball 1-0: Ball 2-0: Ball 3-0: Base on Balls Josh Ruhl to second
|
|
Batting: RHB Joe Stading
|
0-0: Called Strike 0-1: Swinging Strike 0-2: Ball 1-2: Fly out, F8 (Flyball, 8RS, EV 70.0 MPH)
|
|
Batting: RHB Salvador Avina
|
0-0: Foul Ball, location: 2F 0-1: Ball 1-1: Ball 2-1: Ball 3-1: Swinging Strike 3-2: Strikes out swinging
|
|
Batting: LHB Leão Alvide
|
0-0: Foul Ball, location: 2F 0-1: Swinging Strike 0-2: Strikes out looking
|
| Top of the 5th over - 0 runs, 1 hit, 0 errors, 2 left on base; Clinton 4 - Burlington 2 |
| BOTTOM OF THE 5TH |
|
Burlington Bees batting - Pitching for Clinton LumberKings : RHP Jake Underhill
|
|
Batting: RHB Ben Herman
|
0-0: Ball 1-0: Ball 2-0: Fly out, F9 (Flyball, 89M, EV 98.8 MPH)
|
|
Batting: SHB Tim Connell
|
0-0: Foul Ball, location: 2F 0-1: Ground out 5-3 (Groundball, 56, EV 83.8 MPH)
|
|
Batting: RHB Jonathan Ellis
|
0-0: Ball 1-0: Foul Ball, location: 2F 1-1: Called Strike 1-2: Strikes out looking
|
| Bottom of the 5th over - 0 runs, 0 hits, 0 errors, 0 left on base; Clinton 4 - Burlington 2 |
| TOP OF THE 6TH |
|
Clinton LumberKings batting - Pitching for Burlington Bees : RHP Dave Jackson
|
|
Pitching: LHP Cody Bodenhamer
|
|
|
Batting: LHB Brian Butler
|
0-0: Ball 1-0: Called Strike 1-1: Foul Ball, location: 2F 1-2: Strikes out swinging
|
|
Batting: SHB Victor Rijos
|
0-0: Ground out 4-3 (Groundball, 4, EV 107.5 MPH)
|
|
Batting: RHB Kikuo Sato
|
0-0: Single, Error in OF, E7, batter to second base (Line Drive, 78M, EV 111.2 MPH)
|
|
Batting: SHB Jose Castillo
|
0-0: Swinging Strike 0-1: Ball 1-1: Foul Ball, location: 2F 1-2: Ball 2-2: Strikes out looking
|
| Top of the 6th over - 0 runs, 1 hit, 1 error, 1 left on base; Clinton 4 - Burlington 2 |
| BOTTOM OF THE 6TH |
|
Burlington Bees batting - Pitching for Clinton LumberKings : RHP Jake Underhill
|
|
Batting: RHB Ryan Munro
|
0-0: Called Strike 0-1: SINGLE (Line Drive, 4D, EV 103.8 MPH)
|
|
Batting: RHB Melvin Gomez
|
0-0: Called Strike Ryan Munro steals 2nd base 0-1: Foul Ball, location: 2F 0-2: Foul Ball, location: 2F 0-2: SINGLE (Groundball, 4MD, EV 111.9 MPH) Ryan Munro to third
|
|
Batting: LHB Rusty Ney
|
0-0: Ball Melvin Gomez steals 2nd base 1-0: Ground out 4-3 (Groundball, 34, EV 82.5 MPH) Ryan Munro scores Melvin Gomez to third
|
|
Batting: LHB Jorge Zermeno
|
0-0: Swinging Strike 0-1: Swinging Strike 0-2: Ball 1-2: Strikes out swinging
|
|
Pitching: LHP Rentaro Minami
|
|
|
Batting: RHB Ryuji Ito
|
0-0: Called Strike 0-1: Ball 1-1: Ball 2-1: Ball Balk! Melvin Gomez scores 3-1: Base on Balls
|
|
Batting: RHB Greg Burdine
|
0-0: Called Strike 0-1: Foul Ball, location: 2F 0-2: Foul Ball, location: 2F 0-2: Ball 1-2: Ball Wild Pitch! Ryuji Ito to second 2-2: Foul Ball, location: 2F 2-2: Foul Ball, location: 2F 2-2: Foul Ball, location: 2F 2-2: Ground out 3-1 (Groundball, 34, EV 102.5 MPH)
|
| Bottom of the 6th over - 2 runs, 2 hits, 0 errors, 1 left on base; Clinton 4 - Burlington 4 |
| TOP OF THE 7TH |
|
Clinton LumberKings batting - Pitching for Burlington Bees : LHP Cody Bodenhamer
|
|
Pitching: LHP Tyler Kenney
|
|
|
Batting: RHB Josh Ruhl
|
0-0: Ball 1-0: Called Strike 1-1: Called Strike 1-2: Ball 2-2: Strikes out swinging
|
|
Batting: LHB Jason Hopkins
|
0-0: Ball 1-0: Called Strike 1-1: Ground out 5-3 (Groundball, 56, EV 78.1 MPH)
|
|
Batting: RHB Joe Stading
|
0-0: Called Strike 0-1: Called Strike 0-2: Foul Ball, location: 2F 0-2: Ground out 2-3 (Groundball, 2L, EV 75.6 MPH)
|
| Top of the 7th over - 0 runs, 0 hits, 0 errors, 0 left on base; Clinton 4 - Burlington 4 |
| BOTTOM OF THE 7TH |
|
Burlington Bees batting - Pitching for Clinton LumberKings : LHP Rentaro Minami
|
|
Pitching: RHP Mike Bator
|
|
|
Batting: RHB Ben Herman
|
0-0: Ball 1-0: Ball 2-0: Ball 3-0: Base on Balls
|
|
Batting: SHB Tim Connell
|
0-0: Called Strike 0-1: Ball 1-1: Ball 2-1: Ball 3-1: Base on Balls Ben Herman to second
|
|
Batting: RHB Jonathan Ellis
|
0-0: Ball 1-0: Bunt missed! 1-1: Sac Bunt to 13 - play at first, batter OUT! 1-4 Ben Herman to third Tim Connell to second
|
|
Batting: RHB Ryan Munro
|
0-0: Ground out U3 (Groundball, 34S, EV 90.0 MPH)
|
|
Batting: RHB Melvin Gomez
|
0-0: Ball 1-0: Ball 2-0: Ball 3-0: Base on Balls
|
|
Batting: LHB Rusty Ney
|
0-0: Ball 1-0: Foul Ball, location: 2F 1-1: Ball 2-1: Ball 3-1: Base on Balls Ben Herman scores Tim Connell to third Melvin Gomez to second
|
|
Batting: LHB Jorge Zermeno
|
0-0: Fly out, F8 (Flyball, 8RD, EV 103.1 MPH)
|
| Bottom of the 7th over - 1 run, 0 hits, 0 errors, 3 left on base; Clinton 4 - Burlington 5 |
| TOP OF THE 8TH |
|
Clinton LumberKings batting - Pitching for Burlington Bees : LHP Tyler Kenney
|
|
Pitching: RHP Trece Hunter
|
|
|
Pinch Hitting: LHB William Warren
|
0-0: Fly out, F7 (Flyball, 7LD, EV 90.6 MPH)
|
|
Batting: LHB Leão Alvide
|
0-0: Swinging Strike 0-1: Foul Ball, location: 2F 0-2: Ball 1-2: Foul Ball, location: 2F 1-2: Foul Ball, location: 2F 1-2: Strikes out swinging
|
|
Batting: LHB Brian Butler
|
0-0: Ball 1-0: Ground out 4-3 (Groundball, 34S, EV 83.1 MPH)
|
| Top of the 8th over - 0 runs, 0 hits, 0 errors, 0 left on base; Clinton 4 - Burlington 5 |
| BOTTOM OF THE 8TH |
|
Burlington Bees batting - Pitching for Clinton LumberKings : RHP Mike Bator
|
|
Pitching: LHP Justin Neikirk
|
|
|
Now at 3B: Rick Ellis
|
|
|
Batting: RHB Ryuji Ito
|
0-0: Ball 1-0: Called Strike 1-1: Swinging Strike 1-2: Strikes out swinging
|
|
Batting: RHB Greg Burdine
|
0-0: Ball 1-0: Called Strike 1-1: Called Strike 1-2: Ball 2-2: Ball 3-2: SINGLE (Groundball, 4S, EV 70.6 MPH) (infield hit)
|
|
Batting: RHB Ben Herman
|
0-0: Ball Greg Burdine steals 2nd base 1-0: Ball 2-0: Called Strike 2-1: Ball 3-1: Swinging Strike 3-2: Foul Ball, location: 2F 3-2: Foul Ball, location: 2F 3-2: Reached on error, E4 (Groundball, 4, EV 89.4 MPH) Greg Burdine to third
|
|
Batting: SHB Tim Connell
|
0-0: Ball 1-0: Foul Ball, location: 2F 1-1: Ball 2-1: Fly out, F5 (Popup, 5F, EV 58.1 MPH)
|
|
Batting: RHB Jonathan Ellis
|
0-0: Ball 1-0: Called Strike 1-1: Called Strike 1-2: Ball Wild Pitch! Greg Burdine scores Ben Herman to second 2-2: Foul Ball, location: 2F 2-2: Ball 3-2: Foul Ball, location: 2F 3-2: Base on Balls
|
|
Batting: RHB Ryan Munro
|
0-0: Ball 1-0: Ball 2-0: Called Strike 2-1: Ball 3-1: Base on Balls Ben Herman to third Jonathan Ellis to second
|
|
Batting: RHB Melvin Gomez
|
0-0: Called Strike 0-1: SINGLE (Groundball, 4M, EV 95.6 MPH) (infield hit) Ben Herman scores Jonathan Ellis to third Ryan Munro to second
|
|
Pitching: RHP David Lane
|
|
|
Batting: LHB Rusty Ney
|
0-0: Ground out 4-3 (Groundball, 4, EV 103.1 MPH)
|
| Bottom of the 8th over - 2 runs, 2 hits, 1 error, 3 left on base; Clinton 4 - Burlington 7 |
| TOP OF THE 9TH |
|
Clinton LumberKings batting - Pitching for Burlington Bees : RHP Trece Hunter
|
|
Batting: SHB Victor Rijos
|
0-0: Ball 1-0: Foul Ball, location: 2F 1-1: Ball 2-1: Ground out 4-3 (Groundball, 4, EV 96.2 MPH)
|
|
Batting: RHB Kikuo Sato
|
0-0: Foul Ball, location: 2F 0-1: Foul Ball, location: 2F 0-2: Foul Ball, location: 2F 0-2: Ground out 6-3 (Groundball, 6, EV 100.0 MPH)
|
|
Batting: SHB Jose Castillo
|
0-0: Ball 1-0: Ball 2-0: Called Strike 2-1: Ball 3-1: Swinging Strike 3-2: Fly out, F9 (Line Drive, 9, EV 87.5 MPH)
|
| Top of the 9th over - 0 runs, 0 hits, 0 errors, 0 left on base; Clinton 4 - Burlington 7 |
|